 Dungeon Crawl Stone Soup version 0.31-a0-859-g9dce7d3444 (webtiles) character file.

Game seed: 4825780769888996665

126 Shayle the Sneak (level 4, -7/30 HPs)
             Began as a Demonspawn Enchanter on Oct 9, 2023.
             Mangled by a gnoll
             ... wielding a +4 whip
              (11 damage)
             ... on level 4 of the Dungeon.
             The game lasted 00:07:11 (3690 turns).

Shayle the Sneak (Demonspawn Enchanter)             Turns: 3690, Time: 00:07:12

Health: -7/30      AC:  8    Str:  6    XL:     4   Next: 84%
Magic:  8/8        EV: 11    Int: 19    God:
Gold:   108        SH:  0    Dex: 13    Spells: 9/9 levels left

rFire   . . .        v - +0 flail (protect)
rCold   . . .        (no shield)
rNeg    + . .        k - +0 ring mail
rPois   .            t - +2 hat
rElec   .            (no cloak)
rCorr   .            (no gloves)
SInv    .            s - +0 pair of boots
Will    .....        (no amulet)
Stlth   ++           p - ring of positive energy
HPRegen 0.25/turn    (no ring)
MPRegen 0.22/turn

%: no passive effects
@: brilliant, about to teleport
A: demonic guardian 1, magic regeneration, frail 1, weak 1, sturdy frame 1
a: no special abilities


You were on level 4 of the Dungeon.
You visited 1 branch of the dungeon, and saw 4 of its levels.

You collected 213 gold pieces.
You spent 105 gold pieces at shops.

Inventory:

Hand Weapons
 a - a +1 dagger
 v - a +0 flail of protection (weapon)
Missiles
 i - 4 datura-tipped darts
Armour
 b - a +0 robe
 k - a +0 ring mail (worn)
 s - a +0 pair of boots (worn)
 t - a +2 hat (worn)
Jewellery
 p - a ring of positive energy (left hand)
 w - a ring of poison resistance
Scrolls
 g - 2 scrolls of enchant armour {unknown}
 h - 2 scrolls of teleportation
 j - 2 scrolls of revelation {unknown}
 l - a scroll of vulnerability {unknown}
 m - a scroll of blinking {unknown}
 n - a scroll of enchant weapon {unknown}
 o - a scroll of identify {unknown}
 q - a scroll of amnesia {unknown}
Potions
 c - 2 potions of invisibility
 d - a potion of brilliance
 e - 2 potions of degeneration {unknown}
 f - a potion of heal wounds {unknown}
 r - a potion of mutation
 u - a potion of resistance {unknown}


   Skills:
 + Level 2.3 Fighting
 - Level 0.8 Short Blades
 + Level 1.4 Armour
 - Level 2.2 Dodging
 - Level 3.1 Stealth
 + Level 3.0 Spellcasting
 - Level 3.0 Hexes


You had 9 spell levels left.
You didn't know any spells.
Your spell library contained the following spells:

 Spells                   Type           Power      Damage    Failure   Level
 Jinxbite                 Hex            42%        N/A       13%         2
 Ensorcelled Hibernation  Hex/Ice        24%        N/A       24%         2
 Confusing Touch          Hex            21%        N/A       26%         3
 Tukima's Dance           Hex            21%        N/A       26%         3
 Apportation              Tloc           8%         N/A       30%         1
 Sandblast                Erth           8%         2d5       30%         1
 Passwall                 Tmut/Erth      3%         N/A       41%         2
 Sublimation of Blood     Necr           4%         N/A       41%         2
 Wereblood                Tmut           4%         N/A       41%         2
 Dazzling Flash           Conj/Hex       24%        N/A       43%         3
 Ozocubu's Armour         Ice            4%         N/A       65%         3
 Stone Arrow              Conj/Erth      8%         3d7       65%         3
 Brom's Barrelling Bould  Conj/Erth      4%         2d3       96%         4
 Alistair's Intoxication  Tmut/Pois      2%         N/A       100%        5
 Ozocubu's Refrigeration  Ice            2%         4d7       100%        7
 Summon Hydra             Summ           2%         N/A       100%        7


Dungeon Overview and Level Annotations

Branches:
Dungeon (4/15)
 Temple: D:4-7

Altars:
Dithmenos
Nemelex Xobeh

Shops:
D:3 :([(*


Innate Abilities, Weirdness & Mutations

A weak demonic guardian rushes to your aid.
You regenerate magic rapidly.
You are frail. (-10% HP)
You are weak. (Str -2)
Your movements are slightly less encumbered by armour. (ER -2)


Message History

a +0 flail; a gnoll corpse You hit the goblin but do no damage.
The goblin hits you with a +0 club.
You hit the goblin.
You kill the goblin!
A gnoll comes into view. It is wielding a +4 whip.
Found a scroll labelled CANTI OSSA.
Things that are here:
a +0 club; a goblin corpse The gnoll shouts!
You hear a shout!
A gnoll comes into view. It is wielding a +0 whip.
You closely miss the gnoll. The gnoll hits you with a +4 whip.
You hit the gnoll but do no damage. You closely miss the gnoll.
You punch the gnoll.
The gnoll is lightly wounded.
The gnoll hits you but does no damage.
You closely miss the gnoll.
The gnoll is lightly wounded.
The gnoll hits you with a +0 whip.
A gnoll comes into view. It is wielding a +0 whip.
The gnoll hits you with a +4 whip.
You barely miss the gnoll.
The gnoll is lightly wounded.
The gnoll hits you but does no damage. The gnoll closely misses you. x2
The gnoll hits you with a +0 whip.
* * * LOW HITPOINT WARNING * * *
As you read the scroll labelled CAOJOG XO FOLA, it crumbles to dust.
You feel strangely unstable.
It was a scroll of teleportation.
The gnoll closely misses you. The gnoll hits you with a +4 whip.
* * * LOW HITPOINT WARNING * * *
It was a potion of brilliance.
You feel clever all of a sudden. The gnoll hits you with a +0 whip.
* * * LOW HITPOINT WARNING * * *
A demonic guardian appears!
The gnoll hits you with a +4 whip.
* * * LOW HITPOINT WARNING * * *
It was a potion of mutation.
You feel extremely strange.
You feel weaker.
You feel frail.
You feel less encumbered by your armour.
The gnoll hits you but does no damage. The gnoll hits you with a +4 whip!
You die...

........##...#......
#.......##..##......#
###......#..##...... ?..
).......# .......###...
####....#####............
#.###....##.............
....#...... .g.............
...##..... .##gg...#......#..
........# #.##.@.5.##..<..#...
....#.#.###..###.).##...........
...#.§.#......#.....##...........
..#§#§#§#....##....).#.).........
...§§_§§§....#...#...............
..#.#§#.#........#............#.#
...#)§§#.....#................#..
....#.#.....##.#.##..............
.......##...##.####......>.......


You could see 3 gnolls and a friendly iron imp (summoned).

Vanquished Creatures
  A jelly (D:4)
  A gnoll (D:4)
  2 adders
  A worm (D:2)
  A dart slug (D:4)
  4 orcs (D:4)
  2 ball pythons
  3 bats
  8 endoplasms
  A giant cockroach (D:1)
  5 goblins
  5 hobgoblins
  7 jackals (D:3)
  3 kobolds
  3 quokkas
  4 frilled lizards
  4 rats
55 creatures vanquished.

Notes
Turn   | Place    | Note
-------+----------+-------------------------------------------
     0 | D:1      | Shayle the Demonspawn Enchanter began the quest for the
                  | Orb.
     0 | D:1      | Reached XP level 1. HP: 13/13 MP: 3/3
   622 | D:1      | Gained mutation: You regenerate magic rapidly. [demonic
                  | ancestry]
   622 | D:1      | Reached XP level 2. HP: 18/20 MP: 5/5
  1081 | D:2      | Found a faded altar of an unknown god.
  1519 | D:2      | Reached skill level 1 in Fighting
  1663 | D:2      | Identified the +1 robe of the Cricket {Regen+ Int+3}
  1763 | D:2      | Reached XP level 3. HP: 16/26 MP: 6/6
  2719 | D:3      | Found Logeuc's Antique Armour Boutique.
  2719 | D:3      | Found Quykk's Antique Weapon Shop.
  2723 | D:3      | Bought an embroidered hat for 105 gold pieces
  2731 | D:3      | Found Getadwi's Weapon Shoppe.
  2785 | D:3      | Found Zyolaten's General Store.
  2874 | D:3      | Found Qawn's Book Shoppe.
  3400 | D:4      | Gained mutation: A weak demonic guardian rushes to your
                  | aid. [demonic ancestry]
  3400 | D:4      | Reached XP level 4. HP: 28/33 MP: 7/7
  3471 | D:4      | Reached skill level 1 in Armour
  3499 | D:4      | Found a shadowy altar of Dithmenos.
  3610 | D:4      | Found a sparkling altar of Nemelex Xobeh.
  3690 | D:4      | Gained mutation: You are weak. (Str -2) [potion of
                  | mutation]
  3690 | D:4      | Gained mutation: You are frail. (-10% HP) [potion of
                  | mutation]
  3690 | D:4      | Gained mutation: Your movements are slightly less
                  | encumbered by armour. (ER -2) [potion of mutation]
  3690 | D:4      | Mangled by a gnoll

Illustrated notes

Levels and vault maps discovered:
D:1:      tarquinn_simple_flora_water_a, layout_basic, fountainhead
D:2:      layout_basic, serial_co_window_serial, co_window_paths_b,
          co_window_paths_a, co_window_of_opportunity_a, co_window_paths_b,
          co_window_corner_a, co_window_paths_a, co_window_of_opportunity_a,
          co_window_unsneaky_path_b, co_window_broadway_a,
          co_window_unsneaky_path_d, co_window_sun, glass_columns_c,
          glass_columns_b, glass_columns_a, glass_columns_a,
          hellmonk_ecumenical_altar_lost_god
D:3:      layout_loops_corners, serial_shops, shop_coins, shop,
          nicolae_shop_advertising_works [nicolae_subvault_shop_adworks], shop,
          shop_fountains
D:4:      layout_cave_pools, mainiacjoe_overflow_paths,
          grunt_dithmenos_smoke_and_mirrors

Skill      XL: |  1  2  3  4 |
---------------+-------------+-----
Dodging        | 2 |  2.2
Stealth        | 3 |  3.1
Fighting       | 1 2 |  2.3
Armour         | 1 |  1.4
Spellcasting   | 3 |  3.0
Short Blades   | |  0.8
Hexes          | |  3.0

Action                     |  1- 3 |  4- 6 || total
---------------------------+-------+-------++-------
  Melee: Dagger            |   214 |    11 ||   225
         Punch             |     2 |     2 ||     4
         Flail             |       |    55 ||    55
    Use: Potion            |       |     2 ||     2
         Scroll            |       |     1 ||     1
   Stab: Sleeping          |     3 |     1 ||     4
 Armour: Robe              |    26 |       ||    26
         Ring mail         |   107 |    49 ||   156
  Dodge: Dodged            |   110 |    32 ||   142

Table legend: (Time is in decaauts)
 A = Elapsed time spent in this place.
 B = Non-inter-level travel time spent in this place.
 C = Inter-level travel time spent in this place.
 D = Time resting spent in this place.
 E = Time spent auto-exploring this place.
 F = Levels seen in this place.
 G = Mean time per level.
                   A        B        C        D        E       F      G
               +--------+--------+--------+--------+--------+-----+--------+
         Total |   3702 |   3597 |    105 |    143 |   2679 |   4 |  925.5 |
       Dungeon |   3702 |   3597 |    105 |    143 |   2679 |   4 |  925.5 |
               +--------+--------+--------+--------+--------+-----+--------+

Top non-repeatable levels by time:
     D:2: 1285 daAuts
     D:3: 1040 daAuts
     D:1: 1025 daAuts
     D:4: 352 daAuts
